 Dungeon Crawl Stone Soup version 0.21.1-1-g345015fe64 (webtiles) character file.

68 Ivernyr the Magician (level 4, -9/35 HPs)
             Began as a Draconian Wizard on Feb 11, 2018.
             Mangled by Terence
             ... wielding a +3 short sword of electrocution
              (19 damage)
             ... on level 2 of the Dungeon.
             The game lasted 00:08:13 (2611 turns).

Ivernyr the Magician (Draconian Wizard)             Turns: 2611, Time: 00:08:14

Health: -9/35      AC:  6    Str: 10    XL:     4   Next: 1%
Magic:  0/9        EV: 12    Int: 19    God:
Gold:   74         SH:  0    Dex:  9    Spells: 1/10 levels left

rFire    . . .     SeeInvis .   p - +0 spear
rCold    . . .     Gourm    .   (no shield)
rNeg     . . .     Faith    .   (armour unavailable)
rPois    .         Spirit   .   a - +0 hat
rElec    .         Reflect  .   (no cloak)
rCorr    .         Harm     .   g - +0 pair of gloves
MR       .....                  (no boots)
Stlth    ++........             (no amulet)
HPRegen  0.11/turn              (no ring)
MPRegen  0.11/turn              (no ring)

@: very slightly contaminated
A: unfitting armour, cold-blooded, AC +5
a: no special abilities


You were on level 2 of the Dungeon.
You were very hungry.

You visited 1 branch of the dungeon, and saw 3 of its levels.

You collected 74 gold pieces.

Inventory:

Hand Weapons
 p - a +0 spear (weapon)
Missiles
 i - 29 poisoned needles
Armour
 a - a +0 hat (worn)
 g - a +0 pair of gloves (worn)
Scrolls
 d - 2 scrolls of fear {unknown}
 f - 3 scrolls of identify {unknown}
 h - 3 scrolls of teleportation {unknown}
 k - a scroll of magic mapping {unknown}
 l - a scroll of remove curse {unknown}
 m - a scroll of blinking {unknown}
 o - a scroll of enchant weapon {unknown}
Potions
 e - a potion of brilliance {unknown}
 j - a potion of haste {unknown}
 n - a potion of curing {unknown}
Books
 b - a book of Minor Magic

   Spells                             Type                      Level
   a - Magic Dart                     Conjuration                  1
   b - Blink                          Translocation                2
   c - Call Imp                       Summoning                    2
   d - Slow                           Hexes                        2
   e - Conjure Flame                  Conjuration/Fire             3
   f - Mephitic Cloud                 Conjuration/Poison/Air       3
Comestibles
 c - 5 rations


   Skills:
 + Level 1.4 Fighting
 - Level 2.0 Dodging
 - Level 1.7 Stealth
 * Level 3.9 Spellcasting
 + Level 2.0 Conjurations
   Level 1.0 Summonings
 - Level 1.0 Translocations


You had one spell level left.
You knew the following spells:

 Your Spells              Type           Power        Failure   Level  Hunger
a - Magic Dart            Conj           ##..         6%          1    None
b - Blink                 Tloc           N/A          14%         2    ##.....
c - Conjure Flame         Conj/Fire      #.......     26%         3    ###....
d - Mephitic Cloud        Conj/Pois/Air  #.......     30%         3    ###....


Dungeon Overview and Level Annotations

Branches:
Dungeon (3/15)

Altars:
Okawaru
Trog

Annotations:
D:2 Terence


Innate Abilities, Weirdness & Mutations

Your plain brown scales are hard. (AC +5)
You cannot fit into any form of body armour.
You are cold-blooded and may be slowed by cold attacks.


Message History

Terence is moderately wounded.
Terence barely misses you.
You hit Terence but do no damage.
Terence is moderately wounded.
Terence asks, "Do you want it fast or slow?"
Terence hits you with a short sword of electrocution.
You hit Terence.
Terence is heavily wounded.
Terence misses you.
You closely miss Terence.
Terence is heavily wounded.
Terence hits you with a short sword of electrocution.
You are electrocuted!
Ouch! That really hurt!
* * * LOW HITPOINT WARNING * * *
You hit Terence but do no damage.
Terence is heavily wounded.
Terence hits you but does no damage. x2; You are electrocuted!
Ouch! That really hurt!
You die...

######### #.......#
#.#####.# #.# #.#
##########.# #.#
########.......@@.# #.#
..>............#### #.#
#######..####..# #.#
......#..####..# #.#
.[.........##..########.#
#####.#..#.##...........#
#.#..#.##.########..# ##
##.#.......# #(....# .#
#.....#.########[#...###


You could see Terence.

Vanquished Creatures
  2 adders (D:2)
  An ooze (D:1)
  A worm (D:2)
  2 dart slugs
  8 bats
  A giant cockroach (D:1)
  2 goblins
  6 hobgoblins
  A quokka (D:2)
  A frilled lizard (D:2)
  9 kobolds
  6 rats
40 creatures vanquished.

Notes
Turn   | Place    | Note
-------+----------+-------------------------------------------
     0 | D:1      | Ivernyr the Draconian Wizard began the quest for the Orb.
     0 | D:1      | Reached XP level 1. HP: 14/14 MP: 4/4
     3 | D:1      | Noticed an electric eel
     3 | D:1      | Noticed an electric eel
   527 | D:1      | Reached XP level 2. HP: 20/20 MP: 3/6
   845 | D:1      | Learned a level 2 spell: Blink
  1459 | D:2      | Reached skill level 1 in Fighting
  1459 | D:2      | Reached XP level 3. HP: 19/28 MP: 2/8
  1995 | D:2      | Learned a level 3 spell: Conjure Flame
  1999 | D:2      | Learned a level 3 spell: Mephitic Cloud
  2513 | D:2      | Reached XP level 4. HP: 35/35 MP: 6/9
  2539 | D:2      | Found a bloodstained altar of Trog.
  2540 | D:2      | Found an iron altar of Okawaru.
  2572 | D:3      | Noticed Terence
  2611 | D:2      | Mangled by Terence

Skill      XL: |  1  2  3 |
---------------+----------+-----
Dodging        | 2 |  2.0
Fighting       | 1 |  1.4
Conjurations   | 2 |  2.0
Stealth        | |  1.7
Spellcasting   | |  3.9
Summonings     | |  1.0
Translocations | |  1.0

Action                   |  1- 3 |  4- 6 || total
-------------------------+-------+-------++-------
Melee: Unarmed           |     7 |       ||     7
       Spear             |     2 |    21 ||    23
       Tailslap          |     1 |       ||     1
 Cast: Magic Dart        |   103 |     2 ||   105
       Conjure Flame     |       |     2 ||     2
       Blink             |       |     1 ||     1
 Stab: Sleeping          |       |     1 ||     1
  Eat: Chunk             |     4 |       ||     4
Armor: Skin              |    10 |     2 ||    12
Dodge: Dodged            |    20 |     5 ||    25
